 Dungeon Crawl Stone Soup version 0.31-a0-489-g282fc92437 (webtiles) character file.

Game seed: 8623625657490431416

93 Ethylacetat the Cutter (level 4, 0/31 HPs)
             Began as an Octopode Gladiator on Aug 8, 2023.
             Constricted to death by a ball python (1 damage)
             ... on level 3 of the Dungeon.
             The game lasted 00:01:53 (1719 turns).

Ethylacetat the Cutter (Octopode Gladiator)         Turns: 1719, Time: 00:01:54

Health: 0/31       AC:  1    Str: 13    XL:     4   Next: 61%
Magic:  4/4        EV: 11    Int: 10    God:
Gold:   97         SH:  0    Dex: 15    Spells: 3/3 levels left

rFire   . . .        a - +0 rapier
rCold   . . .        (no shield)
rNeg    . . .        b - +0 hat
rPois   .            (no amulet)
rElec   .            (no ring)
rCorr   .            (no ring)
SInv    .            (no ring)
Will    .....        (no ring)
Stlth   ++           (no ring)
HPRegen 0.25/turn    (no ring)
MPRegen 0.09/turn    (no ring)
                     (no ring)

%: no passive effects
@: constricted
A: almost no armour, amphibious, 8 rings, camouflage 1, gelatinous body 1,
(nimble swimmer 1), tentacles
a: no special abilities


You were on level 3 of the Dungeon.
You visited 1 branch of the dungeon, and saw 3 of its levels.

You collected 97 gold pieces.

Inventory:

Hand Weapons
 a - a +0 rapier (weapon)
 i - a +0 sling
Missiles
 c - 3 throwing nets (quivered)
 d - a javelin
Armour
 b - a +0 hat (worn)
 h - a +2 cloak
Jewellery
 q - a ring of fire
Scrolls
 g - a scroll of teleportation {unknown}
 j - a scroll of poison {unknown}
 l - 2 scrolls of blinking {unknown}
 m - 2 scrolls of identify {unknown}
 p - a scroll of vulnerability {unknown}
 r - a scroll of noise {unknown}
Potions
 e - 3 potions of haste {unknown}
 f - 3 potions of degeneration {unknown}
 k - a potion of mutation {unknown}
 n - a potion of enlightenment {unknown}
 o - a potion of brilliance {unknown}


   Skills:
 + Level 3.5 Fighting
 + Level 4.2 Short Blades
 - Level 2.0 Throwing
 - Level 3.0 Dodging


You had 3 spell levels left.
You didn't know any spells.
Your spell library was empty.

Dungeon Overview and Level Annotations

Branches:
Dungeon (3/15)

Altars:


Innate Abilities, Weirdness & Mutations

You cannot wear most types of armour.
You are amphibious.
You can wear up to eight rings at the same time.
Your skin changes colour to match your surroundings (Stealth+).
Your rubbery body absorbs attacks. (AC +1, EV +1)
((You are camouflaged when in or above water. (Stealth+)))
You have tentacles for arms and can constrict up to eight enemies at once.


Message History

The quokka bites you.
You shoot a sling bullet.
The sling bullet barely misses the adder.
The adder closely misses you. The ball python bites you.
The ball python closely misses you. The quokka closely misses you.
The kobold misses you. The adder completely misses you.
The ball python bites you. The ball python grabs you.
The ball python constricts you.
Okay, then.
a - a +0 rapier (weapon)
The quokka barely misses you. The adder closely misses you.
The kobold misses you.
You hit the adder. Your grab misses the adder. Your squeeze misses the adder.
The adder is almost dead.
The ball python misses you. The ball python constricts you.
The quokka bites you. The adder bites you.
The kobold hits you with a +0 dagger. The ball python bites you.
The ball python constricts you.
Unknown command.
You miss the adder. You grab the adder.
The adder is almost dead.
You constrict the adder.
You kill the adder!
The quokka barely misses you. The kobold hits you with a +0 dagger.
* * * LOW HITPOINT WARNING * * *
The ball python bites you.
* * * LOW HITPOINT WARNING * * *
The ball python constricts you.
* * * LOW HITPOINT WARNING * * *
You hit the kobold but do no damage. You grab the kobold.
You squeeze the kobold.
The kobold is severely wounded.
You constrict the kobold.
You kill the kobold!
The quokka bites you.
* * * LOW HITPOINT WARNING * * *
The ball python bites you.
* * * LOW HITPOINT WARNING * * *
The ball python constricts you.
You die...

##...........##........#.....#.#
#...........##........#.#.#.#.#
###########.#########.#.#.#.#.#
#(# #.#.#.#.#.# #.# #.#.#.#.#.#
#.# ###.#.#.#.#.#
#.#######.....#.#.#.#
####+#..........##.#.#.#
......†@...........#....
......r)S....<..######.#
.......[...............#
................########
###.............#
#.............# #.............#
#.............# ...#...##


You could see a quokka and a ball python.

Vanquished Creatures
  4 adders
  2 worms (D:2)
  7 bats
  5 endoplasms
  A giant cockroach (D:2)
  5 hobgoblins
  7 kobolds
  3 quokkas
  4 ball pythons
  A frilled lizard (D:1)
  4 goblins
  7 rats
50 creatures vanquished.

Notes
Turn   | Place    | Note
-------+----------+-------------------------------------------
     0 | D:1      | Ethylacetat the Octopode Gladiator began the quest for the
                  | Orb.
     0 | D:1      | Reached XP level 1. HP: 14/14 MP: 1/1
    70 | D:1      | Reached XP level 2. HP: 20/20 MP: 2/2
   607 | D:2      | Reached XP level 3. HP: 25/25 MP: 3/3
   922 | D:2      | Reached skill level 4 in Short Blades
   922 | D:2      | Reached XP level 4. HP: 4/31 MP: 4/4
  1719 | D:3      | HP: 1/31 [ball python (3)]
  1719 | D:3      | Constricted to death by a ball python

Illustrated notes

Levels and vault maps discovered:
D:1:      dpeg_arrival_round_b, layout_loops_ring, nrook_mini_backslash
D:2:      layout_basic, st_stairs_7
D:3:      layout_basic, skrybe_limestone_x

Skill      XL: |  1  2  3 |
---------------+----------+-----
Fighting       | 3 |  3.5
Short Blades   | 4 |  4.2
Throwing       | |  2.0
Dodging        | |  3.0

Action                     |  1- 3 |  4- 6 || total
---------------------------+-------+-------++-------
  Melee: Rapier            |    10 |     3 ||    13
         Constrict         |     1 |     2 ||     3
         Tentacles         |     1 |     1 ||     2
   Fire: Sling             |    97 |    50 ||   147
   Stab: Sleeping          |     2 |       ||     2
 Armour: Skin              |     6 |     2 ||     8
  Dodge: Dodged            |    37 |    36 ||    73

Table legend: (Time is in decaauts)
 A = Elapsed time spent in this place.
 B = Non-inter-level travel time spent in this place.
 C = Inter-level travel time spent in this place.
 D = Time resting spent in this place.
 E = Time spent auto-exploring this place.
 F = Levels seen in this place.
 G = Mean time per level.
                   A        B        C        D        E       F      G
               +--------+--------+--------+--------+--------+-----+--------+
         Total |   1776 |   1703 |     73 |      0 |   1370 |   3 |  592.0 |
       Dungeon |   1776 |   1703 |     73 |      0 |   1370 |   3 |  592.0 |
               +--------+--------+--------+--------+--------+-----+--------+

Top non-repeatable levels by time:
     D:2: 994 daAuts
     D:1: 602 daAuts
     D:3: 179 daAuts
